 Dungeon Crawl Stone Soup version 0.31.0-11-ge490571c62 (webtiles) character file.

Game seed: 3871988585284502457

20 protoss039 the Digger (level 2, -3/31 HPs)
             Began as a Demonspawn Earth Elementalist on Jan 30, 2024.
             Frozen to death by an endoplasm (4 damage)
             ... on level 2 of the Dungeon.
             The game lasted 00:01:24 (612 turns).

protoss039 the Digger (DsEE)                         Turns: 612, Time: 00:01:25

Health: -3/31      AC: 21    Str:  8    XL:     2   Next: 58%
Magic:  5/5        EV:  2    Int: 15    God:
Gold:   52         SH:  4    Dex: 13    Spells: 4/5 levels left

rFire   . . .        f - +2 dagger (venom)
rCold   . . .        (no shield)
rNeg    . . .        g - melded +0 ring mail
rPois   +            (helmet currently unavailable)
rElec   .            (cloak currently unavailable)
rCorr   .            (gloves currently unavailable)
SInv    .            (boots currently unavailable)
Will    .....        (no amulet)
Stlth   ++           (no ring)
HPRegen 0.25/turn    (no ring)
MPRegen 0.09/turn

%: no passive effects
@: lethally poisoned (-3 -> -11), tree-form
A: stationary, stasis, torment immunity, boosted hp, condensation shield
a: no special abilities


You were on level 2 of the Dungeon.
You were a tree.
You visited 1 branch of the dungeon, and saw 2 of its levels.

You collected 52 gold pieces.

Inventory:

Hand Weapons
 f - a +2 dagger of venom (weapon)
Armour
 a - a +0 robe
 g - a +0 ring mail (melded)
Scrolls
 e - a scroll of vulnerability {unknown}
 h - a scroll of amnesia {unknown}
 i - 3 scrolls of identify {unknown}
 j - a scroll of noise {unknown}
Potions
 b - a potion of magic
 c - a potion of lignification
 d - 2 potions of curing {unknown}


   Skills:
 * Level 1.0 Fighting
 * Level 0.5 Short Blades
 * Level 2.0 Dodging
 - Level 1.7 Stealth
 + Level 2.2 Spellcasting
 - Level 1.0 Conjurations
 + Level 2.9 Earth Magic


You had 4 spell levels left.
You knew the following spells:

 Your Spells              Type           Power      Damage    Failure   Level
a - Sandblast             Erth           20%        2d7       7%          1

Your spell library contained the following spells:

 Spells                   Type           Power      Damage    Failure   Level
 Passwall                 Erth           10%        N/A       21%         3
 Apportation              Tloc           2%         N/A       22%         1
 Stone Arrow              Conj/Erth      14%        3d7       28%         3
 Jinxbite                 Hex            2%         N/A       32%         2
 Brom's Barrelling Bould  Conj/Erth      7%         2d3       67%         4
 Petrify                  Alch/Erth      6%         N/A       75%         4
 Alistair's Intoxication  Alch           0%         N/A       99%         5


Dungeon Overview and Level Annotations

Branches:
Dungeon (2/15) Zot: 11386

Altars:


Innate Abilities, Weirdness & Mutations

You are a tree.
Your roots penetrate the ground, keeping you stationary.
You cannot be teleported.
You are immune to unholy pain and torment.
Your maximum health is greatly increased.
Your equipment is partially melded.
A meltable shield of frost defends you. (SH +4)


Message History

The adder is heavily wounded.
You feel sick. The goblin hits you but does no damage.
The adder closely misses you.
Unknown command.
You miss the adder. Your punch misses the adder.
The adder is heavily wounded.
You feel sick. The adder bites you.
You are more poisoned.
The adder poisons you! The endoplasm freezes you.
You are frozen.
The goblin closely misses you.
You miss the adder.
The adder is severely wounded.
You feel sick. The adder bites you.
You are lethally poisoned!
The adder poisons you! The endoplasm freezes you.
You are frozen.
* * * LOW HITPOINT WARNING * * *
The goblin closely misses you.
The hobgoblin hits you but does no damage.
You are too injured to fight recklessly!
Unknown command.
It was a potion of lignification.
You turn into a tree.
Your +0 ring mail melds into your body.
Your roots penetrate the ground.
* * * LOW HITPOINT WARNING * * *
You feel very sick. The adder bites you but does no damage.
The giant cockroach bites you.
* * * LOW HITPOINT WARNING * * *
The endoplasm hits you but does no damage.
The hobgoblin hits you but does no damage.
You block the goblin's attack. The adder bites you but does no damage.
Unknown command.
You closely miss the adder.
The adder is severely wounded.
* * * LOW HITPOINT WARNING * * *
You feel sick. The giant cockroach barely misses you.
The endoplasm freezes you.
You are frozen.
You die...

#.########### .....
#.#.......... ......
#.#.#.#.##### ......
#.#.#.#.# ......
#.#.#.#.#
......######.#.#.#.#
............<..#.#.#
......S........#.#.#
......J♣?......#.#.#
......ggB......#.#.#
#..............#
#..............#
#................#
#.............####
#.............+
#.............#
#.............#


You could see an adder (poisoned), an endoplasm, a giant cockroach, a hobgoblin
and a goblin.

Vanquished Creatures
  A dart slug (D:2)
  A ball python (D:1)
  4 endoplasms
  2 goblins (D:1)
  A jackal (D:1)
  2 quokkas
  3 kobolds (D:1)
  A rat (D:2)
15 creatures vanquished.

Notes
Turn   | Place    | Note
-------+----------+-------------------------------------------
     0 | D:1      | protoss039 the Demonspawn Earth Elementalist began the
                  | quest for the Orb.
     0 | D:1      | Reached XP level 1. HP: 13/13 MP: 3/3
   361 | D:1      | Gained mutation: A meltable shield of frost defends you.
                  | (SH +4) [demonic ancestry]
   361 | D:1      | Reached XP level 2. HP: 20/20 MP: 5/5
   516 | D:1      | You fall into a shaft and drop 1 floor!
   600 | D:2      | Reached skill level 1 in Fighting
   612 | D:2      | HP: 1/31 [poisoned by an adder]
   612 | D:2      | Frozen to death by an endoplasm

Illustrated notes

Levels and vault maps discovered:
D:1:      spicycebolla_green_bress_n_ham, layout_loops_ring, minmay_tripent
D:2:      layout_basic, basic_altar

Skill      XL: |  1  2 |
---------------+-------+-----
Dodging        | 2 |  2.0
Fighting       | 1 |  1.0
Short Blades   | |  0.5
Stealth        | |  1.7
Spellcasting   | |  2.2
Conjurations   | |  1.0
Earth Magic    | |  2.9

Action                     || total
---------------------------++-------
  Melee: Dagger            ||    40
   Cast: Sandblast         ||     5
    Use: Potion            ||     1
   Stab: Sleeping          ||     2
 Armour: Robe              ||     3
         Ring mail         ||    21
         Skin              ||     5
  Dodge: Dodged            ||    19
  Block: Other             ||     1
